 Dungeon Crawl Stone Soup version 0.16.1-30-g34a7ffa (webtiles) character file.

72179 Miyamura the Quickloader (level 15, 0/132 HPs)
             Began as a Minotaur Hunter on June 28, 2015.
             Was a High Priest of Okawaru.
             Slain by a titanic slime creature (32 damage)
             ... on level 12 of the Dungeon on June 29, 2015.
             The game lasted 02:33:37 (38341 turns).

Miyamura the Quickloader (Minotaur Hunter)         Turns: 38341, Time: 02:33:37

Health: 0/132      AC: 27    Str: 19    XL:     15   Next: 0%
Magic:  29/29      EV: 13    Int:  8    God:    Okawaru [*****.]
Gold:   580        SH:  0    Dex: 13    Spells: 0 memorised, 14 levels left

rFire  . . .     SeeInvis +     t - +9 triple crossbow of the Pyrrhic Victory {penet, Contam rC++ MP+9 SInv Stlth+}
rCold  + + +     Clarity  +     K - +8 chain mail of the Moon {rC+}
rNeg   + . .     SustAb   +     (no shield)
rPois  +         Gourm    .     P - +1 hat
rElec  +         Spirit   .     U - +2 cloak
rCorr  .         Warding  +     G - -2 pair of gloves of Okawaru's Outrage {rElec rC+ Dex-2 Stlth+}
rMut   .         Stasis   .     M - +2 pair of boots of the Assassin {Stlth++}
MR     +....                    N - amulet of warding
Stlth  +++.......               T - ring of sustain abilities
                                s - ring of poison resistance

@: very slightly contaminated, somewhat resistant to hostile enchantments,
fairly stealthy
A: retaliatory headbutt, horns 2, clarity, low mp 1
a: Heroism, Finesse, Renounce Religion


You were on level 12 of the Dungeon.
You worshipped Okawaru.
Okawaru was extremely pleased with you.
You were not hungry.

You visited 4 branches of the dungeon, and saw 25 of its levels.
You also visited: Labyrinth.

You collected 2758 gold pieces.
You spent 2178 gold pieces at shops.

Inventory:

Hand weapons
 e - a +1 arbalest of flaming
 t - the +9 triple crossbow of the Pyrrhic Victory (weapon) {penet, Contam rC++ MP+9 SInv Stlth+}
   (Okawaru gifted it to you on level 8 of the Lair of Beasts)

   Ammo fired by it will pass through the targets it hits, potentially hitting
   all targets in its path until it reaches maximum range.
   It greatly protects you from cold.
   It affects your magic capacity (+9).
   It enhances your eyesight.
   It causes magical contamination when unequipped.
   It makes you more stealthy.
 u - a +4 battleaxe of freezing
Missiles
 z - 13 bolts of penetration (quivered)
 A - 14 poisoned bolts
 E - 95 bolts of frost
 H - 11 steel bolts
 Q - 28 silver bolts
 V - 31 bolts of flame
Armour
 G - the -2 pair of gloves of Okawaru's Outrage (worn) {rElec rC+ Dex-2 Stlth+}
   (Okawaru gifted it to you on level 3 of the Lair of Beasts)

   It affects your dexterity (-2).
   It protects you from cold.
   It insulates you from electricity.
   It makes you more stealthy.
 K - the +8 chain mail of the Moon (worn) {rC+}
   (You found it on level 1 of the Lair of Beasts)

   It protects you from cold.
 M - the +2 pair of boots of the Assassin (worn) {Stlth++}
   (You acquired it on level 2 of the Lair of Beasts)

   It makes you much more stealthy.
 P - a +1 hat (worn)
 U - a +2 cloak (worn)
Jewellery
 a - an uncursed ring of wizardry
 s - a ring of poison resistance (left hand)
 N - an amulet of warding (around neck)
 T - a ring of sustain abilities (right hand)
Magical devices
 h - a wand of lightning (10)
 v - a wand of heal wounds (3)
 y - a wand of fire (5)
 C - a wand of teleportation (3)
 J - a wand of fireball (2)
 O - a wand of fire (9)
Scrolls
 d - 4 scrolls of magic mapping
 o - 8 scrolls of enchant armour
 p - 10 scrolls of remove curse
 q - 3 scrolls of fog
 w - a scroll of holy word
 I - 3 scrolls of teleportation
 L - 2 scrolls of recharging
 R - 2 scrolls of blinking
 S - 2 scrolls of amnesia
 W - 3 scrolls of identify
Potions
 b - a potion of mutation {unknown}
 c - a potion of might
 g - a potion of resistance
 i - 2 potions of cancellation
 j - 2 potions of heal wounds
 l - a potion of magic
 m - 2 potions of ambrosia
 n - 3 potions of brilliance
 x - 11 potions of curing
 B - 3 potions of restore abilities
 X - a potion of agility
 Y - 2 potions of flight
Books
 r - a book of Annihilations {highlevel}

   This book is beyond your current level of understanding.

   Spells                             Type                      Level
   a - Poison Arrow                   Conjuration/Poison           6
   b - Chain Lightning                Conjuration/Air              8
   c - Lehudib's Crystal Spear        Conjuration/Earth            8
   d - Glaciate                       Conjuration/Ice              9
   e - Fire Storm                     Conjuration/Fire             9
Comestibles
 f - 18 bread rations
 k - 4 meat rations
 D - 11 fruits
 F - 29 beef jerkies


   Skills:
 + Level 12.1 Fighting
 - Level 11.0 Axes
 * Level 12.5 Crossbows
 + Level 11.6 Armour
 + Level 11.6 Dodging
 - Level 1.4 Stealth
   Level 11.4 Shields
 - Level 7.2 Invocations
 + Level 9.0 Evocations


You had 14 spell levels left.
You didn't know any spells.

Dungeon Overview and Level Annotations

Branches:
Dungeon (12/15)            Temple (1/1) D:7            Lair (8/8) D:11
 Shoals (0/5) Lair:5        Snake (0/5) Lair:3        Slime (0/6) Lair:8
    Orc (4/4) D:9             Elf (0/3) Orc:3

Altars:
Ashenzari
Cheibriados
Dithmenos
Elyvilon
Fedhas
Gozag
Kikubaaqudgha
Makhleb
Nemelex Xobeh
Okawaru
Qazlal
Ru
Sif Muna
Trog
Vehumet
Xom
Yredelemnul
Zin
The Shining One
Beogh
Jiyva

Shops:
D:7 [?   Orc:2 (   Orc:3 (   Orc:4 ??(!

Annotations:
D:10 exclusion: obsidian statue


Innate Abilities, Weirdness & Mutations

You reflexively headbutt those who attack you in melee.
You have a pair of horns on your head.
You possess an exceptional clarity of mind.
Your magical capacity is low (-10% MP).


Message History

Firing (i - inventory. (,) - cycle):
z - 16 bolts of penetration (quivered)
Press: ? - help, Shift-Dir - straight line, f/p - titanic slime creature
Aim: a titanic slime creature (severely wounded)
You shoot a bolt of penetration.
The bolt of penetration pierces through the titanic slime creature!!!
The titanic slime creature is severely wounded.
Firing (i - inventory. (,) - cycle):
z - 15 bolts of penetration (quivered)
Press: ? - help, Shift-Dir - straight line, f/p - titanic slime creature
Aim: a titanic slime creature (severely wounded)
You shoot a bolt of penetration.
The bolt of penetration pierces through the titanic slime creature!
The titanic slime creature is severely wounded.
Firing (i - inventory. (,) - cycle):
z - 14 bolts of penetration (quivered)
Press: ? - help, Shift-Dir - straight line, f/p - titanic slime creature
Aim: a titanic slime creature (severely wounded)
You shoot a bolt of penetration.
The bolt of penetration pierces through the titanic slime creature!!
The titanic slime creature is almost dead.
The titanic slime creature hits you!!
You die...

....[....#.....((.....#
.........#....((..##..#
.........#..........>.#
..)).....#............#
...###..##............#
...############.......#
..............#.......#
..............#(J.....#
..............#.@..#..#
..............#....#..#
#..##†..##....+.......#
#..##...##....###.....#
................#.....#
................#..#..#
................#..#..#
########'########.....#
......................#


You could see a titanic slime creature.

Vanquished Creatures
  Gastronok (D:11)
  A minotaur (Lab)
  Fannar (Lair:6)
  An ice dragon (Lair:8)
  Harold (Lair:1)
  5 hydras
  Erica (Lair:1)
  3 death yaks (Lair:3)
  2 orc high priests
  Nergalle (Lair:8)
  2 deep trolls (Orc:2)
  A lindwurm (Lair:8)
  A swamp dragon (Lair:5)
  An ice devil (Orc:3)
  4 hill giants
  5 orc sorcerers (Orc:4)
  2 ugly things
  15 elephants
  11 spiny frogs
  6 black mambas
  5 gargoyles
  7 torpor snails (Lair:8)
  An orange demon (Orc:4)
  9 fire drakes
  4 komodo dragons
  6 trolls
  2 two-headed ogres
  Sonja (D:11)
  A hellwing (Orc:3)
  2 giant leeches (Lair:8)
  8 polar bears (Lair:8)
  A trapdoor spider zombie (D:12)
  16 blink frogs
  A minotaur skeleton (Lab)
  6 basilisks
  A slime creature (D:12)
  A raiju (Lair:8)
  A trapdoor spider (Lab)
  2 spriggans (Lair:1)
  A steam dragon (D:7)
  3 wyverns
  15 wolves
  33 yaks
  Edmund (D:9)
  8 hippogriffs
  A soldier ant (D:12)
  3 nagas (Lair:3)
  7 wargs (Lair:8)
  An ice beast (D:11)
  12 water moccasins
  10 porcupines
  15 black bears
  4 sky beasts
  5 hell hounds (Lair:8)
  A wandering mushroom (Lab)
  27 orc warriors
  15 ogres
  16 crocodiles
  2 phantoms
  8 centaurs
  2 boring beetles
  3 wasps (Lair:8)
  Duvessa (D:6)
  4 brain worms
  17 giant frogs
  4 wights (D:9)
  7 scorpions
  A quasit (D:11)
  Dowan (D:6)
  4 crimson imps
  2 goliath beetles
  22 hounds
  A giant frog zombie (D:7)
  34 orc priests
  2 giant frog skeletons
  4 jellies
  49 orc wizards
  13 iguanas
  9 worker ants
  30 sheep
  A killer bee zombie (D:11)
  A mummy (D:11)
  3 worker ant zombies
  6 gnolls
  38 adders
  60 river rats
  A human skeleton (D:9)
  3 shadow imps
  A white imp (D:5)
  17 worms (Lair:8)
  A goliath beetle zombie (D:6)
  An adder zombie (D:6)
  An adder skeleton (D:7)
  2 oozes
  167 orcs
  A ball python (D:2)
  A bat zombie (D:5)
  3 giant cockroaches
  24 goblins
  27 hobgoblins
  33 jackals
  17 kobolds
  16 quokkas
  13 bats
  12 giant geckos
  A giant gecko zombie (D:5)
  5 giant newts
  A goblin zombie (D:5)
  2 hobgoblin zombies (D:5)
  2 kobold skeletons (D:5)
  2 kobold zombies (D:5)
  7 orc zombies
  A quokka skeleton (D:5)
  A quokka zombie (D:9)
  22 rats
  7 fungi
  20 plants
1059 creatures vanquished.

Vanquished Creatures (others)
  A crocodile (Lair:8)
  A hound (Lair:8)
  A giant newt (D:5)
  7 fungi (Lair:8)
  10 plants
20 creatures vanquished.

Grand Total: 1079 creatures vanquished

Notes
Turn   | Place    | Note
--------------------------------------------------------------
     0 | D:1      | Miyamura, the Minotaur Hunter, began the quest for the Orb.
     0 | D:1      | Reached XP level 1. HP: 18/18 MP: 1/1
     5 | D:1      | Reached skill level 1 in Stealth
    60 | D:1      | Found a viscous altar of Jiyva.
    60 | D:1      | Noticed a jelly
    60 | D:1      | Noticed a jelly
    60 | D:1      | Noticed a jelly
    61 | D:1      | Noticed a jelly
   103 | D:1      | Noticed a jelly
   103 | D:1      | Noticed a jelly
   148 | D:1      | Reached XP level 2. HP: 25/25 MP: 1/1
   155 | D:1      | Reached skill level 1 in Armour
  1055 | D:1      | Reached XP level 3. HP: 27/30 MP: 2/2
  1416 | D:2      | Reached skill level 1 in Shields
  1700 | D:2      | Reached XP level 4. HP: 35/37 MP: 2/2
  2696 | D:2      | Reached skill level 5 in Crossbows
  2991 | D:2      | Found a deep blue altar of Sif Muna.
  2991 | D:2      | Found a shadowy altar of Dithmenos.
  3472 | D:3      | Reached XP level 5. HP: 45/45 MP: 2/2
  4299 | D:3      | Reached skill level 1 in Axes
  4533 | D:4      | Reached XP level 6. HP: 43/51 MP: 3/3
  4636 | D:4      | Noticed an ogre
  5304 | D:4      | Killed an ogre
  5447 | D:4      | Reached XP level 7. HP: 29/59 MP: 3/3
  5889 | D:5      | Entered Level 5 of the Dungeon
  6130 | D:5      | Found a glowing golden altar of the Shining One.
  7256 | D:6      | Reached skill level 6 in Crossbows
  7548 | D:6      | Noticed Duvessa
  7549 | D:6      | Noticed Dowan
  7567 | D:6      | Killed Duvessa
  7592 | D:6      | Killed Dowan
  7592 | D:6      | Reached XP level 8. HP: 33/67 MP: 3/3
  7762 | D:5      | Reached skill level 5 in Dodging
  7792 | D:5      | Reached skill level 5 in Fighting
  8547 | D:7      | Found a glowing golden altar of the Shining One.
  8688 | D:7      | Reached skill level 5 in Shields
  8762 | D:7      | Found Lotz's Antique Armour Boutique.
  8768 | D:7      | Bought a steaming leather armour for 175 gold pieces
  8778 | D:7      | Identified the +2 leather armour "Puol" {-Tele rF- Int+3 Dex+4 Stlth+} (You bought it in a shop on level 7 of the Dungeon)
  8866 | D:7      | Reached skill level 5 in Armour
  9015 | D:7      | Found a sacrificial altar of Ru.
  9093 | D:7      | Reached skill level 7 in Crossbows
  9093 | D:7      | Reached XP level 9. HP: 18/75 MP: 4/4
  9365 | D:7      | Found a staircase to the Ecumenical Temple.
  9372 | Temple   | Entered the Ecumenical Temple
  9607 | Temple   | Became a worshipper of Warmaster Okawaru
  9859 | D:7      | Found Zegamofet's Magic Scroll Shoppe.
  9892 | D:7      | Reached skill level 5 in Axes
 10121 | D:7      | Bought a scroll of holy word for 97 gold pieces
 10121 | D:7      | Bought a scroll of blinking for 97 gold pieces
 10121 | D:7      | Bought a scroll of identify for 26 gold pieces
 10499 | D:8      | Noticed a hill giant
 10843 | D:7      | Reached skill level 1 in Invocations
 10843 | D:7      | Reached skill level 1 in Evocations
 11021 | D:7      | Acquired Okawaru's first power
 11393 | D:8      | Found an opulent altar of Gozag.
 11436 | D:8      | Killed a hill giant
 11563 | D:8      | Reached XP level 10. HP: 66/86 MP: 7/7
 12156 | D:8      | Noticed a brown ugly thing
 12167 | D:8      | Killed a brown ugly thing
 12171 | D:8      | Gained mutation: Your magical capacity is low (-10% MP). [mutagenic meat]
 12172 | D:8      | Gained mutation: You possess an exceptional clarity of mind. [mutagenic meat]
 12691 | D:9      | Reached skill level 8 in Crossbows
 12797 | D:9      | Noticed Edmund
 12808 | D:9      | Killed Edmund
 12834 | D:9      | Found a staircase to the Orcish Mines.
 13052 | D:9      | Found a shadowy altar of Dithmenos.
 13308 | D:10     | Entered Level 10 of the Dungeon
 13458 | D:10     | Noticed an obsidian statue
 14968 | D:11     | Noticed Sonja
 14972 | D:11     | Killed Sonja
 14972 | D:11     | Received a gift from Okawaru
 15045 | D:11     | Found a staircase to the Lair.
 15184 | D:11     | Found a labyrinth entrance.
 15196 | Lab      | Entered a labyrinth
 15558 | Lab      | Reached XP level 11. HP: 69/94 MP: 9/9
 15932 | Lab      | Noticed a minotaur
 17262 | Lab      | Killed a minotaur
 17265 | Lab      | Got a transparent dagger
 17265 | Lab      | Got a steaming chain mail
 17268 | Lab      | Identified Quwkev's Handbook of the Compass
 17269 | Lab      | Identified the +8 dagger of the Boiling Point {speed, *Rage MR- MP+9 Str+6} (You took it off a minotaur in a labyrinth)
 17447 | Lab      | Identified the +1 chain mail of Context {rPois rN+ Str+6 Int-5 Dex-4} (You took it off a minotaur in a labyrinth)
 18847 | D:11     | Noticed Gastronok
 18888 | D:11     | Killed Gastronok
 18888 | D:11     | Reached skill level 9 in Fighting
 18888 | D:11     | Reached skill level 5 in Invocations
 18888 | D:11     | Reached skill level 5 in Evocations
 19971 | Lair:1   | Entered Level 1 of the Lair of Beasts
 19971 | Lair:1   | Noticed Harold
 19982 | Lair:1   | Killed Harold
 19982 | Lair:1   | Received a gift from Okawaru
 20211 | Lair:1   | Reached XP level 12. HP: 86/104 MP: 13/13
 20300 | Lair:1   | Got a steaming chain mail
 20311 | Lair:1   | Identified the +8 chain mail of the Moon {rC+} (You found it on level 1 of the Lair of Beasts)
 20396 | Lair:1   | Acquired Okawaru's second power
 20786 | Lair:1   | Noticed Erica
 20804 | Lair:1   | Killed Erica
 21252 | Lair:2   | Identified a scroll of acquirement
 22090 | Lair:3   | Received a gift from Okawaru
 22313 | Lair:3   | Found a staircase to the Snake Pit.
 23174 | Lair:3   | Reached skill level 10 in Fighting
 23179 | Lair:3   | Reached skill level 10 in Crossbows
 24334 | Lair:3   | Got a pair of shimmering gloves {god gift}
 24340 | Lair:3   | Identified the -2 pair of gloves of Okawaru's Outrage {rElec rC+ Dex-2 Stlth+} (Okawaru gifted it to you on level 3 of the Lair of Beasts)
 24362 | Lair:4   | Got a bone rapier
 24363 | Lair:4   | Identified the cursed -4 rapier of Juaraoma {flame, Str+3} (You found it on level 4 of the Lair of Beasts)
 24465 | Lair:4   | Noticed a six-headed hydra
 24474 | Lair:4   | Killed a six-headed hydra
 24474 | Lair:4   | Reached XP level 13. HP: 113/113 MP: 9/17
 24707 | Lair:4   | Noticed a six-headed hydra
 24731 | Lair:4   | Killed a six-headed hydra
 25360 | Lair:5   | You fall through a shaft for 3 floors!
 25360 | Lair:8   | Entered Level 8 of the Lair of Beasts
 25575 | Lair:6   | Reached skill level 10 in Axes
 25720 | Lair:6   | Reached skill level 10 in Dodging
 25720 | Lair:6   | Reached skill level 10 in Shields
 25732 | Lair:6   | Received a gift from Okawaru
 26042 | Lair:6   | Received a gift from Okawaru
 26046 | Lair:6   | Reached skill level 10 in Armour
 26358 | Lair:6   | Noticed Fannar
 26393 | Lair:6   | Killed Fannar
 26493 | Lair:5   | Received a gift from Okawaru
 26644 | Lair:5   | Found a staircase to the Snake Pit.
 27271 | Lair:5   | Found a staircase to the Shoals.
 27698 | Lair:5   | Received a gift from Okawaru
 27701 | Lair:5   | Got an ancient shield {god gift}
 27708 | Lair:5   | Identified the -2 shield of Shruomaru {rElec} (Okawaru gifted it to you on level 5 of the Lair of Beasts)
 29185 | Lair:8   | Reached skill level 11 in Fighting
 29714 | Lair:8   | Reached XP level 14. HP: 67/124 MP: 18/18
 29990 | Lair:8   | Noticed Nergalle
 30467 | Lair:8   | Killed Nergalle
 30746 | Lair:8   | Received a gift from Okawaru
 30791 | Lair:8   | Received a gift from Okawaru
 30957 | Lair:8   | Got a pitted triple crossbow {god gift}
 30958 | Lair:8   | Identified the +9 triple crossbow of the Pyrrhic Victory {penet, Contam rC++ MP+9 SInv Stlth+} (Okawaru gifted it to you on level 8 of the Lair of Beasts)
 30964 | Lair:8   | Got a pair of spiked gloves
 30975 | Lair:8   | Identified the +2 pair of gloves of Classification {rF- MR+ Str+5 Stlth+} (You found it on level 8 of the Lair of Beasts)
 31085 | Lair:8   | Found a viscous altar of Jiyva.
 31085 | Lair:8   | Found a staircase to the Slime Pits.
 31310 | Lair:8   | Found a runed door.
 32434 | Lair:1   | Received a gift from Okawaru
 32672 | D:7      | Bought a scroll of magic mapping for 45 gold pieces
 32672 | D:7      | Bought a scroll of remove curse for 39 gold pieces
 32672 | D:7      | Bought a scroll of brand weapon for 260 gold pieces
 32672 | D:7      | Bought a scroll of enchant armour for 97 gold pieces
 32672 | D:7      | Bought a scroll of remove curse for 39 gold pieces
 32824 | Orc:1    | Entered Level 1 of the Orcish Mines
 33403 | Orc:2    | Found Caxait's Antique Weapon Shop.
 33585 | Orc:2    | Found a roughly hewn altar of Beogh.
 33631 | Orc:2    | Got a bloodstained trident
 33808 | Orc:2    | Identified the +1 trident "Zecralitt" {pierce, rElec rC+ MP-9 Dex+2} (You found it on level 2 of the Orcish Mines)
 33817 | Orc:2    | Got an ancient leather armour
 33828 | Orc:2    | Identified the +0 leather armour "Sijedafa" {-Tele rC++ Dex-2 Slay+2 SInv} (You found it on level 2 of the Orcish Mines)
 34121 | Orc:3    | Reached skill level 12 in Fighting
 34330 | Orc:3    | Found a staircase to the Elven Halls.
 34554 | Orc:3    | Found a burning altar of Makhleb.
 34751 | Orc:3    | Found Onian's Antique Weapon Shop.
 34896 | Orc:3    | Received a gift from Okawaru
 35125 | Orc:4    | Entered Level 4 of the Orcish Mines
 37199 | Orc:4    | Found Qycomooq's Antique Weapon Shop.
 37209 | Orc:4    | Found Ceve's Magic Scroll Boutique.
 37210 | Orc:4    | Found Throoluo's Magic Scroll Boutique.
 37215 | Orc:4    | Found Waheh's Distillery.
 37261 | Orc:4    | Bought a scroll of identify for 28 gold pieces
 37264 | Orc:4    | Bought a potion of resistance for 150 gold pieces
 37264 | Orc:4    | Bought a potion of heal wounds for 75 gold pieces
 37264 | Orc:4    | Bought a potion of heal wounds for 75 gold pieces
 37264 | Orc:4    | Bought a potion of curing for 45 gold pieces
 37264 | Orc:4    | Bought a potion of curing for 45 gold pieces
 37264 | Orc:4    | Bought a potion of curing for 45 gold pieces
 37265 | Orc:4    | Bought a scroll of acquirement for 780 gold pieces
 37265 | Orc:4    | Bought a scroll of identify for 30 gold pieces
 37265 | Orc:4    | Bought a scroll of identify for 30 gold pieces
 38334 | D:12     | Reached XP level 15. HP: 90/132 MP: 20/20
 38341 | D:12     | Slain by a titanic slime creature

Action                   |  1- 3 |  4- 6 |  7- 9 | 10-12 | 13-15 || total
-------------------------+-------+-------+-------+-------+-------++-------
Melee: Club              |    90 |   169 |       |       |       ||   259
       War axe           |       |   116 |   514 |    41 |       ||   671
       Battleaxe         |       |       |       |   675 |   527 ||  1202
       Triple crossbow   |       |       |       |       |    23 ||    23
 Fire: Hand crossbow     |    27 |    19 |    36 |   102 |   132 ||   316
       Triple crossbow   |       |       |       |       |   583 ||   583
Invok: Heroism           |       |       |     1 |    20 |     8 ||    29
       Finesse           |       |       |       |     2 |       ||     2
Evoke: Wand              |       |     1 |     3 |    26 |    10 ||    40
  Use: Scroll            |     6 |     6 |     5 |    13 |    12 ||    42
       Potion            |       |     5 |     1 |     3 |     2 ||    11
 Stab: Sleeping          |       |       |       |       |     5 ||     5
       Distracted        |       |       |       |       |     1 ||     1
       Fleeing           |       |       |       |       |     1 ||     1
  Eat: Chunk             |     3 |    12 |    21 |    32 |    40 ||   108
       Royal jelly       |       |       |       |     3 |     2 ||     5
       Pizza             |       |       |       |     1 |     1 ||     2
       Meat ration       |       |       |       |     1 |       ||     1
